[Event "Charlotte IM-C MLK 2022"]
[Site "Charlotte"]
[Date "2022.01.14"]
[Round "1.1"]
[White "Vanapalli, Vishnu"]
[Black "Fishbein, Mitch"]
[Result "1-0"]
[ECO "C54"]
[WhiteElo "2101"]
[BlackElo "2129"]
[Annotator "NA"]
[PlyCount "67"]
[EventDate "2022.01.13"]
[EventType "tourn"]
[EventCountry "USA"]
[SourceTitle "playchess.com"]
[Source "ChessBase"]
[SourceQuality "1"]
[TimeControl "5400+30"]

1. e4 e5 2. Nf3 Nc6 3. Bc4 Bc5 4. c3 Nf6 5. d3 O-O 6. O-O d5 7. exd5 Nxd5 8. a4 Bf5 9. Re1 Nb6 10. Bb5 Qd5 11. Bxc6 Qxc6 $16 12. Nxe5 Qf6 13. Nd2 Bd6 14. Ndf3 h6 15. d4 Rfe8 16. a5 Nd7 17. Bf4 Nf8 18. Bg3 Rad8 19. a6 b6 20. Nc6 Rxe1+ 21. Qxe1 Bxg3 22. Nxd8 Bf4 23. Nb7 Ne6 24. d5 Ng5 25. Nxg5 hxg5 26. Qe8+ Kh7 27. Nd8 Bg6 28. Re1 Qf5 29. Nc6 f6 30. Qe6 Bd6 31. Qxf5 Bxf5 32. Nxa7 Bd3 33. Nb5 Bc4 34. Nxd6 1-0

[Event "Charlotte IM-C MLK 2022"]
[Site "Charlotte"]
[Date "2022.01.14"]
[Round "1.2"]
[White "Sethuraman, Sandeep"]
[Black "Adewumi, Tanitoluwa"]
[Result "0-1"]
[ECO "E32"]
[WhiteElo "2361"]
[BlackElo "2136"]
[Annotator "ChessBase"]
[PlyCount "84"]
[EventDate "2022.01.13"]
[EventType "tourn"]
[EventCountry "USA"]
[SourceTitle "playchess.com"]
[Source "ChessBase"]
[SourceQuality "1"]
[TimeControl "5400+30"]

1. d4 Nf6 2. c4 e6 3. Nc3 Bb4 4. Qc2 O-O 5. Nf3 d6 6. Bd2 b6 7. e4 c5 8. a3 Ba5 9. Bd3 Nc6 10. d5 Ne7 11. O-O Bxc3 12. Bxc3 e5 13. Nh4 Nh5 14. g3 Bh3 15. Rfe1 g6 16. Qd2 Qd7 17. Qg5 f6 18. Qh6 Ng7 19. Qe3 g5 20. Nf3 h6 21. Kh1 f5 22. Ng1 Bg4 23. exf5 Bxf5 24. Bf1 Bh7 25. Bh3 g4 26. Bg2 Nef5 27. Qd2 Rf6 28. f4 gxf3 29. Nxf3 Raf8 30. Nxe5 dxe5 31. Bxe5 R6f7 32. d6 Bg6 33. Bd5 Kh7 34. Bxf7 Rxf7 35. Rad1 Ne6 36. Qd5 Bh5 37. Rd3 Bg4 38. Qe4 h5 39. Rf1 Ng5 40. Qe1 Qe6 41. b3 Nd4 42. Rxf7+ Qxf7 0-1

[Event "Charlotte IM-C MLK 2022"]
[Site "Charlotte"]
[Date "2022.01.14"]
[Round "1.3"]
[White "Ngo, Bach"]
[Black "Wu, Derek"]
[Result "1/2-1/2"]
[ECO "D00"]
[WhiteElo "2300"]
[BlackElo "2158"]
[Annotator "ChessBase"]
[PlyCount "183"]
[EventDate "2022.01.13"]
[EventType "tourn"]
[EventCountry "USA"]
[SourceTitle "playchess.com"]
[Source "ChessBase"]
[SourceQuality "1"]
[TimeControl "5400+30"]

1. d4 Nf6 2. Nf3 g6 3. Nc3 d5 4. Bf4 Bg7 5. Nb5 Na6 6. e3 O-O 7. h3 Ne4 8. c3 c6 9. Na3 Qb6 10. Qb3 f6 11. Be2 e5 12. Bh2 exd4 13. exd4 Re8 14. O-O Nd2 15. Qxb6 axb6 16. Rfe1 Nxf3+ 17. Bxf3 Bf5 18. Bg4 Bxg4 19. hxg4 Bf8 20. Nc2 b5 21. a3 Kf7 22. Kf1 Bh6 23. Rxe8 Rxe8 24. a4 bxa4 25. Rxa4 Bd2 26. Ra1 Bh6 27. f3 Ke6 28. Kf2 Kd7 29. Bg3 Re7 30. Rh1 Bf8 31. Bf4 Nc7 32. Bxc7 Kxc7 33. Nb4 Rf7 34. Nd3 Bd6 35. f4 Kb6 36. Kf3 Kb5 37. b3 c5 38. dxc5 Bxc5 39. Ke2 Re7+ 40. Kd2 Be3+ 41. Kc2 Bb6 42. Rd1 Re3 43. Nb4 d4 44. Nd5 Rg3 45. c4+ Kc6 46. Nxf6 Rxg2+ 47. Rd2 Rg3 48. Rd3 Rg2+ 49. Rd2 Rg1 50. b4 h6 51. c5 Bd8 52. Rxd4 Bxf6 53. Rd6+ Kc7 54. Rxf6 Rxg4 55. b5 g5 56. Rxh6 Rxf4 57. Rh7+ Kc8 58. Kc3 b6 59. c6 Rf5 60. Kc4 Rc5+ 61. Kb4 Rf5 62. Kc4 Rc5+ 63. Kb4 Rf5 64. Rg7 Rf4+ 65. Kc3 Rf5 66. Kc4 Rc5+ 67. Kb4 Rf5 68. Rg8+ Kc7 69. Rg7+ Kc8 70. Rd7 Rf4+ 71. Kc3 Rf5 72. Kc4 Rc5+ 73. Kb4 Rf5 74. Rd4 Rf7 75. Kc4 Kc7 76. Kd3 Rf5 77. Kc4 Rf7 78. Kd3 Rf5 79. Rd7+ Kc8 80. Kc4 Rc5+ 81. Kb4 Rf5 82. Rd4 Rf7 83. Rg4 Rf5 84. Re4 Rf7 85. Re8+ Kc7 86. Kc4 Rf5 87. Re7+ Kc8 88. Re6 Rc5+ 89. Kb4 Rf5 90. Re7 Rf4+ 91. Kc3 Rf5 92. Kc4 1/2-1/2

[Event "Charlotte IM-C MLK 2022"]
[Site "Charlotte"]
[Date "2022.01.14"]
[Round "1.4"]
[White "Andrianov, Nikolay"]
[Black "Jochem, Alessandro Gil P. da"]
[Result "1/2-1/2"]
[ECO "E62"]
[WhiteElo "1816"]
[BlackElo "1941"]
[Annotator "RC"]
[PlyCount "35"]
[EventDate "2022.01.13"]
[EventType "tourn"]
[EventCountry "USA"]
[SourceTitle "playchess.com"]
[Source "ChessBase"]
[SourceQuality "1"]
[TimeControl "5400+30"]

1. d4 Nf6 2. Nf3 d6 3. g3 g6 4. Bg2 Bg7 5. O-O O-O 6. c4 c6 7. Nc3 Qb6 8. c5 dxc5 9. Na4 Qb5 10. Nxc5 Na6 11. a4 Qb6 12. a5 Qb5 13. Nxa6 Qxa6 14. Re1 Bf5 15. Ne5 Rad8 16. e4 Be6 17. Qa4 Ng4 18. Nxg4 1/2-1/2

[Event "Charlotte IM-C MLK 2022"]
[Site "Charlotte"]
[Date "2022.01.14"]
[Round "1.5"]
[White "Boehme, Sebastian"]
[Black "Martin Del Campo Cardenas, Roberto Abel"]
[Result "1/2-1/2"]
[ECO "A44"]
[WhiteElo "2170"]
[BlackElo "2261"]
[Annotator "ChessBase"]
[PlyCount "84"]
[EventDate "2022.01.13"]
[EventType "tourn"]
[EventCountry "USA"]
[SourceTitle "playchess.com"]
[Source "ChessBase"]
[SourceQuality "1"]
[TimeControl "5400+30"]

1. d4 c5 2. d5 e5 3. Nc3 d6 4. e4 Be7 5. Nf3 a6 6. a4 Bg4 7. h3 Bxf3 8. Qxf3 Bg5 9. Bxg5 Qxg5 10. Qg4 Qxg4 11. hxg4 Nd7 12. Nd1 Ngf6 13. f3 g6 14. Ne3 Ke7 15. Kf2 Ne8 16. Bd3 Nc7 17. c3 b5 18. b3 c4 19. bxc4 bxa4 20. Bc2 Nc5 21. Bxa4 Rab8 22. g5 f6 23. gxf6+ Kxf6 24. Ra2 h5 25. Nc2 Nxa4 26. Rxa4 Rb2 27. Rc1 Rhb8 28. Ke3 R8b6 29. Kd3 h4 30. Ra5 R6b3 31. c5 Nb5 32. Na1 Ra3 33. Rxa3 Nxa3 34. cxd6 Rxg2 35. c4 h3 36. f4 h2 37. fxe5+ Kxe5 38. d7 Rg3+ 39. Ke2 Rg2+ 40. Kd3 Rg3+ 41. Ke2 Rg2+ 42. Kd3 Rg3+ 1/2-1/2

[Event "Charlotte IM-C MLK 2022"]
[Site "Charlotte"]
[Date "2022.01.15"]
[Round "4.2"]
[White "Wu, Derek"]
[Black "Martin Del Campo Cardenas, Roberto Abel"]
[Result "0-1"]
[ECO "B60"]
[WhiteElo "2158"]
[BlackElo "2261"]
[Annotator "ChessBase"]
[PlyCount "66"]
[EventDate "2022.01.13"]
[EventType "tourn"]
[EventCountry "USA"]
[SourceTitle "playchess.com"]
[Source "ChessBase"]
[SourceQuality "1"]
[TimeControl "5400+30"]

1. e4 c5 2. Nf3 d6 3. d4 cxd4 4. Nxd4 Nf6 5. Nc3 Nc6 6. Bg5 a6 7. Bxf6 gxf6 8. Bc4 e6 9. Nxc6 bxc6 10. Qd4 Rb8 11. Bb3 Be7 12. O-O-O O-O 13. Qe3 Kh8 14. Rd3 Rg8 15. Ne2 Qb6 16. Qf4 a5 17. e5 dxe5 18. Qh4 Qb4 19. c4 a4 20. a3 Qb7 21. Bc2 f5 22. Qh5 e4 23. Rd2 Bg5 24. f4 exf3 25. gxf3 Qxb2+ 26. Kd1 Bxd2 27. Kxd2 Rb7 28. Qh4 Rd7+ 29. Ke3 Qe5+ 30. Kf2 Rd2 31. Bd1 f4 32. Re1 Qe3+ 33. Kf1 Qxf3+ 0-1

[Event "Charlotte IM-C MLK 2022"]
[Site "Charlotte"]
[Date "2022.01.15"]
[Round "4.3"]
[White "Adewumi, Tanitoluwa"]
[Black "Boehme, Sebastian"]
[Result "0-1"]
[ECO "D02"]
[WhiteElo "2136"]
[BlackElo "2170"]
[Annotator "ChessBase"]
[PlyCount "76"]
[EventDate "2022.01.13"]
[EventType "tourn"]
[EventCountry "USA"]
[SourceTitle "playchess.com"]
[Source "ChessBase"]
[SourceQuality "1"]
[TimeControl "5400+30"]

1. d4 e6 2. Bf4 Nf6 3. Nf3 d5 4. e3 c5 5. c3 Nc6 6. Nbd2 cxd4 7. exd4 Nh5 8. Be5 f6 9. Nh4 g6 10. Bg3 Bg7 11. Bd3 Nxg3 12. hxg3 Bd7 13. Qe2 Qc7 14. b4 O-O-O 15. b5 Na5 16. Rc1 e5 17. dxe5 fxe5 18. g4 e4 19. Bb1 Rde8 20. Kd1 Kb8 21. a4 Qc8 22. f3 exf3 23. Qf2 fxg2 24. Qxg2 Bxg4+ 25. Nhf3 Re3 26. Rh4 h5 27. Bxg6 Nb3 28. Bxh5 Bxh5 29. Rxh5 Nxc1 30. Qh2+ Ka8 31. Rxh8 Bxh8 32. c4 dxc4 33. Kxc1 c3 34. Nc4 Rxf3 35. a5 Rf1+ 36. Kc2 Qf5+ 37. Kb3 Qxb5+ 38. Kc2 Qb1# 0-1

[Event "Charlotte IM-C MLK 2022"]
[Site "Charlotte"]
[Date "2022.01.15"]
[Round "4.4"]
[White "Vanapalli, Vishnu"]
[Black "Andrianov, Nikolay"]
[Result "1/2-1/2"]
[ECO "B36"]
[WhiteElo "2101"]
[BlackElo "1816"]
[Annotator "ChessBase"]
[PlyCount "69"]
[EventDate "2022.01.13"]
[EventType "tourn"]
[EventCountry "USA"]
[SourceTitle "playchess.com"]
[Source "ChessBase"]
[SourceQuality "1"]
[TimeControl "5400+30"]

1. e4 c5 2. Nf3 g6 3. c4 Nc6 4. d4 cxd4 5. Nxd4 Nf6 6. Nc3 d6 7. f3 Nxd4 8. Qxd4 Bg7 9. Be3 O-O 10. Qd2 Be6 11. Rc1 Qa5 12. Be2 Rfc8 13. b3 a6 14. Na4 Qxd2+ 15. Kxd2 Nd7 16. g4 f5 17. exf5 gxf5 18. h3 Rf8 19. Nc3 f4 20. Bf2 b5 21. Nd5 Bxd5 22. cxd5 Nf6 23. Bd3 Nxd5 24. Be4 e6 25. Bxd5 exd5 26. Rc7 b4 27. Rhc1 a5 28. Rb7 Rfc8 29. Rxc8+ Rxc8 30. Rb5 Rc3 31. Rxa5 Rxf3 32. Ke2 Rxh3 33. Rxd5 Be5 34. Rb5 Rc3 35. Rxb4 1/2-1/2

[Event "Charlotte IM-C MLK 2022"]
[Site "Charlotte"]
[Date "2022.01.15"]
[Round "4.5"]
[White "Sethuraman, Sandeep"]
[Black "Ngo, Bach"]
[Result "1/2-1/2"]
[ECO "E16"]
[WhiteElo "2361"]
[BlackElo "2300"]
[Annotator "ChessBase"]
[PlyCount "68"]
[EventDate "2022.01.13"]
[EventType "tourn"]
[EventCountry "USA"]
[SourceTitle "playchess.com"]
[Source "ChessBase"]
[SourceQuality "1"]
[TimeControl "5400+30"]

1. d4 Nf6 2. c4 e6 3. Nf3 b6 4. g3 Bb7 5. Bg2 Bb4+ 6. Bd2 c5 7. Bxb4 cxb4 8. Qd3 O-O 9. O-O a5 10. Nbd2 d6 11. Rac1 Re8 12. Rfd1 Qc7 13. Ne1 Bxg2 14. Nxg2 Nc6 15. Nf3 e5 16. dxe5 dxe5 17. Qf5 Rad8 18. Ne3 Nd4 19. Nxd4 exd4 20. Nd5 Nxd5 21. cxd5 Qe5 22. Qxe5 Rxe5 23. Rxd4 Rxe2 24. b3 Rxa2 25. Rc6 Rb2 26. Rd3 b5 27. Ra6 a4 28. bxa4 bxa4 29. Rxa4 g6 30. d6 Rd7 31. Ra8+ Kg7 32. Re8 Ra2 33. Re7 Raa7 34. Rxd7 Rxd7 1/2-1/2

[Event "Charlotte IM-C MLK 2022"]
[Site "Charlotte"]
[Date "2022.01.16"]
[Round "6.4"]
[White "Sethuraman, Sandeep"]
[Black "Boehme, Sebastian"]
[Result "1/2-1/2"]
[ECO "D41"]
[WhiteElo "2361"]
[BlackElo "2170"]
[Annotator "ChessBase"]
[PlyCount "39"]
[EventDate "2022.01.13"]
[EventType "tourn"]
[EventCountry "USA"]
[TimeControl "5400+30"]

1. d4 e6 2. c4 Nf6 3. Nc3 d5 4. cxd5 Nxd5 5. e4 Nxc3 6. bxc3 c5 7. Nf3 cxd4 8. cxd4 Bb4+ 9. Bd2 Bxd2+ 10. Qxd2 O-O 11. Bc4 Nd7 12. O-O b6 13. Rfe1 Bb7 14. Rad1 Rc8 15. Bb3 Re8 16. Qd3 Qc7 17. Nd2 Red8 18. Qb1 Nf6 19. Nf1 b5 20. d5 1/2-1/2

[Event "Charlotte IM-C MLK 2022"]
[Site "Charlotte"]
[Date "2022.01.17"]
[Round "8.2"]
[White "Vanapalli, Vishnu"]
[Black "Wu, Derek"]
[Result "1/2-1/2"]
[ECO "A14"]
[WhiteElo "2101"]
[BlackElo "2158"]
[Annotator "ChessBase"]
[PlyCount "85"]
[EventDate "2022.01.13"]
[EventType "tourn"]
[EventCountry "USA"]
[TimeControl "5400+30"]

1. c4 e6 2. g3 d5 3. Bg2 Nf6 4. Nf3 Be7 5. O-O O-O 6. b3 c5 7. Bb2 d4 8. e3 Nc6 9. exd4 cxd4 10. Re1 Re8 11. d3 Bc5 12. Ba3 Nd7 13. Bxc5 Nxc5 14. Ne5 Nxe5 15. Rxe5 Qd6 16. Re1 a5 17. Na3 e5 18. Nb5 Qd8 19. a3 Bf5 20. Bf1 Ra6 21. Rb1 e4 22. dxe4 Rxe4 23. Rxe4 Bxe4 24. Rb2 d3 25. Nc3 Bg6 26. Nd5 Qg5 27. b4 axb4 28. axb4 Qe5 29. Qd2 Ne4 30. Qxd3 Nxf2 31. Qc3 Qxc3 32. Nxc3 Ng4 33. c5 Ra3 34. Ra2 Rxa2 35. Nxa2 Be4 36. Nc3 Bf5 37. Bg2 Bc8 38. Nd5 Bd7 39. Nb6 Bc6 40. Bxc6 bxc6 41. Nc4 Kf8 42. Kg2 f6 43. Nd6 1/2-1/2

[Event "Charlotte IM-C MLK 2022"]
[Site "Charlotte"]
[Date "2022.01.17"]
[Round "8.4"]
[White "Ngo, Bach"]
[Black "Martin Del Campo Cardenas, Roberto Abel"]
[Result "1-0"]
[ECO "A46"]
[WhiteElo "2300"]
[BlackElo "2261"]
[Annotator "ChessBase"]
[PlyCount "55"]
[EventDate "2022.01.13"]
[EventType "tourn"]
[EventCountry "USA"]
[TimeControl "5400+30"]

1. d4 Nf6 2. Nf3 d6 3. Nc3 Bf5 4. Bf4 c6 5. h3 Qb6 6. Rb1 h6 7. e3 Nbd7 8. Bd3 Bxd3 9. cxd3 g5 10. Bg3 Bg7 11. b4 a5 12. b5 a4 13. bxc6 Qxc6 14. Qd2 h5 15. Ke2 h4 16. Bh2 g4 17. hxg4 Nxg4 18. Nb5 Nxh2 19. Nxh2 Kf8 20. Nf3 d5 21. Rhc1 Qg6 22. Nc7 Rd8 23. Nxd5 Qxg2 24. Rxb7 Nf6 25. Nf4 Qg4 26. Qb4 Ng8 27. Rb8 Qd7 28. Qb7 1-0